 Dungeon Crawl Stone Soup version 0.24-a0-176-gc3651c4 (webtiles) character file.

Game seed: 9792846819061046595

46 Lanoc the Chopper (level 3, -5/28 HPs)
             Began as a Demonspawn Gladiator on Mar 12, 2019.
             Killed from afar by a white imp (8 damage)
             ... with a puff of frost
             ... summoned by Natasha
             ... on level 2 of the Dungeon.
             The game lasted 00:01:10 (879 turns).

Lanoc the Chopper (Demonspawn Gladiator)             Turns: 879, Time: 00:01:10

Health: -5/28      AC:  5    Str: 14    XL:     3   Next: 46%
Magic:  3/3        EV: 13    Int:  9    God:
Gold:   31         SH:  0    Dex: 15    Spells: 2/2 levels left

rFire    . . .     SeeInvis .   a - +0 war axe
rCold    . . .     Gourm    .   (no shield)
rNeg     . . .     Faith    .   b - +0 leather armour
rPois    .         Spirit   .   (helmet restricted)
rElec    .         Reflect  .   (no cloak)
rCorr    .         Harm     .   (no gloves)
MR       .....                  (no boots)
Stlth    +.........             (no amulet)
HPRegen  0.09/turn              (no ring)
MPRegen  0.08/turn              (no ring)

@: no status effects
A: horns 1, thin metallic scales 1
a: no special abilities


You were on level 2 of the Dungeon.
You were not hungry.

You visited 1 branch of the dungeon, and saw 2 of its levels.

You collected 31 gold pieces.

Inventory:

Hand Weapons
 a - a +0 war axe (weapon)
Missiles
 d - 3 throwing nets (quivered)
Armour
 b - a +0 leather armour (worn)
 c - a +0 helmet
Scrolls
 e - a scroll of enchant weapon {unknown}
 h - a scroll of remove curse {unknown}
Potions
 g - a potion of mutation {unknown}
Comestibles
 f - 2 rations


   Skills:
 + Level 2.4 Fighting
 * Level 3.1 Axes
 - Level 2.0 Throwing
 + Level 1.1 Armour
 + Level 3.0 Dodging


You had 2 spell levels left.
You didn't know any spells.
Your spell library was empty.

Dungeon Overview and Level Annotations

Branches:
Dungeon (2/15)

Altars:

Annotations:
D:2 Natasha


Innate Abilities, Weirdness & Mutations

You have a pair of small horns on your head.
You are partially covered in thin metallic scales. (AC +2)


Message History

The white imp barely misses you.
You slash Natasha! Your headbutt misses Natasha.
Natasha is severely wounded.
Your leather armour prevents you from hitting the white imp.
The bat hits you but does no damage. Natasha claws you.
The white imp hits you but does no damage.
Natasha closely misses you.
Unknown command.
You closely miss Natasha.
Natasha is severely wounded.
You miss the bat. You barely miss the white imp.
The bat hits you but does no damage. x2
The white imp shouts, "Slither hence, thou currish idle-headed clack-dish!"
The white imp gestures at you. The puff of frost hits you. Natasha claws you!
* * * LOW HITPOINT WARNING * * *
The bat closely misses you. The white imp gestures at you.
The puff of frost hits you!
You die...

#.........#
#.........###
#............
#...5........
#.......>....
#..........).
#....h.......
#...b@....#..
#....5......#
####........#
#.....$....##.
#####.............
#........####....
+........####....
#........#...######....
#..............#.......


You could see Natasha, a crimson imp, a white imp and a bat.

Vanquished Creatures
  Natasha (D:2)
  2 dart slugs
  A giant cockroach (D:1)
  4 hobgoblins
  2 bats
  A frilled lizard (D:2)
  2 goblins (D:1)
  4 kobolds
  A rat (D:1)
18 creatures vanquished.

Notes
Turn   | Place    | Note
-------+----------+-------------------------------------------
     0 | D:1      | Lanoc the Demonspawn Gladiator began the quest for the Orb.
     0 | D:1      | Reached XP level 1. HP: 16/16 MP: 1/1
   559 | D:1      | Gained mutation: You are partially covered in thin metallic
                  | scales. (AC +2) [demonic ancestry]
   559 | D:1      | Reached XP level 2. HP: 19/22 MP: 2/2
   693 | D:2      | Noticed Natasha
   701 | D:2      | Killed Natasha
   701 | D:2      | Reached skill level 1 in Armour
   701 | D:2      | Gained mutation: You have a pair of small horns on your
                  | head. [demonic ancestry]
   701 | D:2      | Reached XP level 3. HP: 14/28 MP: 3/3
   871 | D:2      | Noticed Natasha
   879 | D:2      | Killed from afar by a white imp

Levels and vault maps discovered:
D:1:      dpeg_arrival_signposts, layout_basic, corner_web_ring
D:2:      layout_basic, uniq_natasha, uniq_sigmund

Skill      XL: |  1  2 |
---------------+-------+-----
Throwing       | 2 |  2.0
Axes           | 3 |  3.1
Armour         | 1 |  1.1
Dodging        | 3 |  3.0
Fighting       | |  2.4

Action                   || total
-------------------------++-------
Melee: War axe           ||    47
       Headbutt          ||     1
Armor: Leather armour    ||    18
Dodge: Dodged            ||    37

Table legend:
 A = Non-vault XP
 B = Vault XP
 C = Vault XP percentage of total XP
 D = Non-vault monster count
 E = Vault monster count
 F = Vault count percentage of total count
                 A         B        C        D         E       F
            +---------+---------+-------+---------+---------+-------
      Total |      32 |      35 |  52.2 |      17 |       1 |   5.6
            +---------+---------+-------+---------+---------+-------
        D:1 |      20 |       0 |   0.0 |      11 |       0 |   0.0
        D:2 |      12 |      35 |  74.5 |       6 |       1 |  14.3
            +---------+---------+-------+---------+---------+-------
